 Dungeon Crawl Stone Soup version 0.21-a0 (webtiles) character file.

9694 FastMan the Severer (level 11, -4/105 HPs)
             Began as a Minotaur Berserker on May 18, 2017.
             Was an Elder of Trog.
             Slain by a spiny frog (21 damage)
             ... on level 1 of the Lair of Beasts.
             The game lasted 00:08:20 (7885 turns).

FastMan the Severer (Minotaur Berserker)            Turns: 7885, Time: 00:08:20

Health: -4/105     AC: 11    Str: 23    XL:     11   Next: 26%
Magic:  10/10      EV:  8    Int:  4    God:    Trog [****..]
Gold:   346        SH:  0    Dex: 12    Spells: 10/10 levels left

rFire    . . .     SeeInvis .   G - +1 hand axe (chop)
rCold    . . .     Gourm    .   (no shield)
rNeg     . . .     Faith    .   B - +0 chain mail
rPois    .         Spirit   .   l - +3 hat of Kyggim {MR+}
rElec    .         Reflect  .   (no cloak)
rCorr    .         Harm     .   (no gloves)
MR       +++..                  (no boots)
Stlth    ..........             (no amulet)
Regen    1.3/turn               (no ring)
MPRegen  0.2/turn               (no ring)

@: regenerating
A: retaliatory headbutt, horns 2
a: Berserk, Trog's Hand, Brothers in Arms, Burn Spellbooks, Renounce Religion


You were on level 1 of the Lair of Beasts.
You worshipped Trog.
Trog was greatly pleased with you.
You were not hungry.

You visited 3 branches of the dungeon, and saw 11 of its levels.

You collected 346 gold pieces.

Inventory:

Hand Weapons
 a - a +0 hand axe
 G - a +1 hand axe of chopping (weapon)
Armour
 l - the +3 hat of Kyggim (worn) {MR+}
   (You found it on level 7 of the Dungeon)

   It affects your resistance to hostile enchantments.
 B - a +0 chain mail (worn)
Jewellery
 j - an uncursed ring of stealth {unknown}
 s - an uncursed ring of fire {unknown}
 z - an uncursed ring of magical power {unknown}
Wands
 i - a wand of digging (13/24)
 w - a wand of digging (15/24)
Scrolls
 b - 2 scrolls of enchant weapon {unknown}
 e - a scroll of enchant armour {unknown}
 f - a scroll of teleportation {@r3}
 m - a scroll of fog
 t - 2 scrolls of remove curse {@r2}
 v - a scroll of random uselessness {unknown}
 y - 2 scrolls of amnesia {unknown}
 D - a scroll of vulnerability {unknown}
Potions
 d - a potion of brilliance {@q6}
 k - 2 potions of cancellation {unknown}
 o - 2 potions of mutation
 q - a potion of heal wounds {unknown}
 r - 2 potions of haste {unknown}
 x - 2 potions of agility {unknown}
 A - a potion of degeneration {unknown}
 C - 2 potions of might {unknown}
 E - a potion of magic {unknown}
Comestibles
 c - 3 bread rations {@e1}
 g - 4 meat rations {@e2}
 h - 13 chunks of flesh
 p - 13 royal jellies {@e3}
 u - 7 fruits {@e4}


   Skills:
 + Level 12.3 Fighting
 * Level 16.5 Axes
 - Level 2.4 Armour
 - Level 2.1 Dodging


You had 10 spell levels left.
You didn't know any spells.

Dungeon Overview and Level Annotations

Branches:
Dungeon (9/15)             Temple (1/1) D:4            Lair (1/6) D:9
    Orc: D:9-12

Altars:
Hepliaklqana
Trog
Vehumet
Wu Jian


Innate Abilities, Weirdness & Mutations

You reflexively headbutt those who attack you in melee.
You have a pair of horns on your head.


Message History

You hit the komodo dragon. The komodo dragon bites you!!
You are too injured to fight recklessly!
Unknown command.
The spiny frog stings you!
* * * LOW HITPOINT WARNING * * *
The spiny frog stings you.
* * * LOW HITPOINT WARNING * * *
You are poisoned.
The spiny frog poisons you!
Your skin crawls.
You feel resistant to hostile enchantments.
You feel somewhat more hungry.
You feel sick. The spiny frog stings you!!
* * * LOW HITPOINT WARNING * * *
The komodo dragon bites the fungus!!
Unknown command.
You feel better. The spiny frog closely misses you.
The komodo dragon bites the fungus.
Unknown command.
You fail to use your ability.
The spiny frog stings you!!
You die...

..... .......
...... #...##
.......##..l.#
.........###..#
.....##.#.## #
......P....#
.##...Pl#..#
#...#F#### .
#....@.#.... .#
##..........# ..#
#P...#.....##
.#.##....#######
.........##
..........#
.........## #
..........#####.#
.................


You could see a komodo dragon and a spiny frog.

Vanquished Creatures
  3 two-headed ogres (D:8)
  2 death yaks (D:8)
  A spiny frog (Lair:1)
  5 blink frogs (Lair:1)
  A hippogriff (D:7)
  6 yaks (D:9)
  Grum (Lair:1)
  A steam dragon (D:3)
  A hungry ghost (D:9)
  2 water moccasins (Lair:1)
  4 porcupines (Lair:1)
  Duvessa (D:4)
  2 sky beasts
  An orc warrior (D:8)
  A phantom (D:9)
  2 ice beasts
  3 ogres
  2 centaurs
  3 wolves (Lair:1)
  2 crocodiles (Lair:1)
  2 big kobolds
  6 bullfrogs
  Dowan (D:4)
  3 scorpions
  3 killer bees (D:9)
  An electric eel (Lair:1)
  3 crimson imps
  6 hounds
  4 jellies
  3 orc priests
  4 orc wizards
  7 worker ants
  A worker ant zombie (D:7)
  4 gnolls
  9 adders
  3 shadow imps
  6 oozes
  2 adder zombies
  4 adder skeletons
  5 worms
  2 dart slugs
  3 leopard geckos
  15 orcs
  9 giant cockroaches
  6 goblins
  6 hobgoblins
  13 jackals
  5 bats
  6 frilled lizards
  A jackal skeleton (D:4)
  19 kobolds
  A leopard gecko skeleton (D:8)
  10 rats
217 creatures vanquished.

Notes
Turn   | Place    | Note
-------+----------+-------------------------------------------
     0 | D:1      | FastMan the Minotaur Berserker began the quest for the Orb.
     0 | D:1      | Reached XP level 1. HP: 19/19 MP: 0/0
    49 | D:1      | Reached skill level 4 in Axes
   164 | D:1      | Reached XP level 2. HP: 27/27 MP: 1/1
   307 | D:1      | Reached XP level 3. HP: 33/33 MP: 2/2
   539 | D:2      | Reached ** piety under Trog
   722 | D:2      | Reached skill level 5 in Axes
  1099 | D:3      | Reached XP level 4. HP: 22/41 MP: 3/3
  1566 | D:3      | Noticed an ogre
  1576 | D:3      | Killed an ogre
  1576 | D:3      | Reached skill level 5 in Fighting
  1576 | D:3      | Reached skill level 6 in Axes
  1576 | D:3      | Reached XP level 5. HP: 48/48 MP: 4/4
  1821 | D:3      | Noticed a steam dragon
  1830 | D:3      | HP: 3/72 [steam dragon/ball of steam (10)]
  1831 | D:3      | Reached XP level 6. HP: 4/56 MP: 5/5
  1833 | D:3      | Killed a steam dragon
  1833 | D:3      | Reached skill level 7 in Axes
  2128 | D:4      | Noticed Duvessa
  2128 | D:4      | Noticed Dowan
  2136 | D:4      | Killed Duvessa
  2136 | D:4      | Reached skill level 8 in Axes
  2136 | D:4      | Reached XP level 7. HP: 63/63 MP: 6/6
  2137 | D:4      | Killed Dowan
  2669 | D:4      | Reached skill level 9 in Axes
  2679 | D:4      | Found a staircase to the Ecumenical Temple.
  2742 | D:4      | Reached *** piety under Trog
  3088 | Temple   | Entered the Ecumenical Temple
  3124 | D:5      | Entered Level 5 of the Dungeon
  3192 | D:5      | You fall through a shaft!
  3196 | D:6      | Reached skill level 10 in Axes
  3196 | D:6      | Reached XP level 8. HP: 73/73 MP: 7/7
  4024 | D:7      | Noticed a hippogriff
  4030 | D:7      | Killed a hippogriff
  4030 | D:7      | Reached skill level 11 in Axes
  4387 | D:7      | Reached **** piety under Trog
  4532 | D:7      | Got an encrusted hat
  4626 | D:7      | Reached XP level 9. HP: 82/82 MP: 8/8
  4705 | D:7      | Reached skill level 12 in Axes
  4716 | D:8      | Noticed a two-headed ogre
  4726 | D:8      | Killed a two-headed ogre
  5028 | D:8      | Noticed a two-headed ogre
  5032 | D:8      | Reached skill level 13 in Axes
  5039 | D:8      | Killed a two-headed ogre
  5039 | D:8      | Reached skill level 10 in Fighting
  5155 | D:8      | Identified the +3 hat of Kyggim {MR+} (You found it on level 7 of the Dungeon)
  5287 | D:8      | Noticed a two-headed ogre
  5294 | D:8      | Killed a two-headed ogre
  5294 | D:8      | Reached skill level 14 in Axes
  5294 | D:8      | Reached XP level 10. HP: 94/94 MP: 9/9
  6118 | D:9      | Received a gift from Trog
  6323 | D:9      | Noticed a death yak
  6325 | D:9      | Noticed a death yak
  6326 | D:9      | Noticed a death yak
  6326 | D:9      | Noticed a death yak
  6326 | D:9      | Found a staircase to the Lair.
  6326 | D:9      | Noticed a death yak
  6326 | D:9      | Noticed a death yak
  6326 | D:9      | Noticed a death yak
  6327 | D:9      | Noticed a death yak
  6360 | D:8      | Killed a death yak
  6496 | D:9      | HP: 4/95 [death yak (18)]
  6551 | D:8      | Killed a death yak
  6551 | D:8      | Reached skill level 15 in Axes
  6867 | Lair:1   | Entered Level 1 of the Lair of Beasts
  6890 | Lair:1   | Noticed Grum
  6906 | Lair:1   | HP: 7/145 [Grum/glaive (1)]
  6911 | Lair:1   | HP: 6/145 [Grum/glaive (7)]
  6935 | Lair:1   | Killed Grum
  6935 | Lair:1   | Reached XP level 11. HP: 35/104 MP: 10/10
  7274 | Lair:1   | Reached skill level 16 in Axes
  7882 | Lair:1   | HP: 4/105 [spiny frog (18)]
  7885 | Lair:1   | Slain by a spiny frog

Vault maps used:
D:1:      minmay_arrival_wavy_path, st_stairs_1
D:3:      chequers_ecumenical_altar_grove
D:4:      minmay_temple_entry_grid, nrook_mini_vaults, uniq_duvessa
D:5:      chequers_temple_overflow_statue_of_worship, first_bread, uniq_grinder
D:6:      serial_park_tiny_1
D:9:      gammafunk_temple_overflow_arena, dpeg_lair_monsters,
          hangedman_little_slice_of_home, uniq_joseph
Temple:   regret_index_temple_sphere_string
Lair:1:   minmay_lair_oklob_tunnel, minivault_26, st_stairs_13,
          beast_lair_carwin_3, infiniplex_staircase_pool, uniq_grum

Skill      XL: |  1  2  3  4  5  6  7  8  9 10 11 |
---------------+----------------------------------+-----
Axes           | 4 5 6 8 10 11 14 15 16 | 16.5
Fighting       | 4 5 6 7 8 10 11 12 | 12.3
Armour         | |  2.4
Dodging        | |  2.1

Action                   |  1- 3 |  4- 6 |  7- 9 | 10-12 || total
-------------------------+-------+-------+-------+-------++-------
Melee: Hand axe          |    85 |    90 |   205 |   166 ||   546
       Headbutt          |    11 |    12 |    41 |    33 ||    97
Invok: Berserk           |     3 |     3 |     7 |     9 ||    22
       Trog's Hand       |       |     1 |       |     5 ||     6
       Burn Spellbooks   |       |       |     1 |       ||     1
  Use: Scroll            |       |       |    13 |     4 ||    17
       Potion            |       |       |       |     8 ||     8
 Stab: Invisible         |       |       |       |     1 ||     1
  Eat: Chunk             |     3 |     6 |    14 |    10 ||    33
       Meat ration       |       |       |     1 |     2 ||     3
Armor: Animal skin       |     2 |       |       |       ||     2
       Scale mail        |    22 |    31 |       |       ||    53
       Steam dragon scal |       |     8 |    39 |       ||    47
       Chain mail        |       |       |     6 |    58 ||    64
       Skin              |       |       |       |    29 ||    29
Dodge: Dodged            |    37 |    41 |    89 |    64 ||   231
